Construct Section Command Post
Construct Platoon Command Post
Selects Heavy Armor Battlegroup
Selects Heavy Armor Battlegroup
Selects Rigorous Vehicle Training
6-pounder Anti-tank Gun Team
Selects Light Vehicle Withdraw and Refit
Light Vehicle Withdraw and Refit
Construct Company Command Post
Construct Field Infirmary
Selects Forward Repair Assembly
6-pounder Anti-tank Gun Team
6-pounder Anti-tank Gun Team
Selects UNKNOWN (2162094)